 Dungeon Crawl Stone Soup version 0.29.0-4-gdea44cf6ec (webtiles) character file.

Game seed: 11144208099182462282

4047 qw the Cleaver (level 10, -7/59 HPs)
             Began as a Tengu Warper on Aug 28, 2022.
             Was a Follower of Okawaru.
             Mangled by a cane toad (10 damage)
             ... on level 1 of the Lair of Beasts.
             The game lasted 00:00:57 (9712 turns).

qw the Cleaver (Tengu Warper)                       Turns: 9712, Time: 00:00:57

Health: -7/59      AC: 23    Str: 15    XL:     10   Next: 24%
Magic:  13/14      EV:  4    Int: 14    God:    Okawaru [*.....]
Gold:   234        SH: 13    Dex: 20    Spells: 13/13 levels left

rFire   . . .      SeeInvis .   Y - +5 war axe
rCold   . . .      Faith    .   e - +0 kite shield
rNeg    + . .      Spirit   .   h - +0 crystal plate armour
rPois   .          Reflect  .   (helmet restricted)
rElec   .          Harm     .   j - +0 cloak
rCorr   .          Rampage  .   (no gloves)
Will    .....                   (boots unavailable)
Stlth   ..........              (no amulet)
HPRegen 0.19/turn               b - +6 ring of dexterity
MPRegen 0.14/turn               k - ring of positive energy

@: lethally poisoned (-7 -> -16), about to teleport, heroic, flying quickly and
evasively, quick
A: beak, talons 3, nimble flight
a: Renounce Religion, Heroism


You were on level 1 of the Lair of Beasts.
You worshipped Okawaru.
Okawaru was aware of your devotion.
You visited 3 branches of the dungeon, and saw 10 of its levels.

You collected 426 gold pieces.
You spent 192 gold pieces at shops.


Innate Abilities, Weirdness & Mutations

You have a beak for a mouth.
You have claws for feet.
Your magical nature lets you fly swiftly and evasively.


   Skills:
 - Level 5.1(10.1) Fighting
 - Level 10.4(15.4) Axes
 + Level 2.7(7.7) Throwing
 - Level 7.3(12.3) Armour
 - Level 2.1(7.1) Dodging
 - Level 6.1(11.1) Shields
 - Level 2.0 Spellcasting
 - Level 2.4 Translocations
 + Level 2.6 Invocations


You had 13 spell levels left.
You didn't know any spells.
Your spell library contained the following spells:

 Spells                   Type           Power      Damage    Failure   Level
 Blink                    Tloc           16%        N/A       100%        2
 Gell's Gravitas          Tloc           8%         N/A       100%        3
 Lesser Beckoning         Tloc           8%         N/A       100%        3
 Teleport Other           Tloc           8%         N/A       100%        3
 Manifold Assault         Tloc           8%         N/A       100%        5

Inventory:

Hand Weapons
 n - a +4 flail
 Y - a +5 war axe (weapon)
Missiles
 g - 8 boomerangs
 m - a silver javelin (quivered)
Armour
 e - a +0 kite shield (worn)
 h - a +0 crystal plate armour (worn)
 j - a +0 cloak (worn)
Jewellery
 b - a +6 ring of dexterity (left hand)
 k - a ring of positive energy (right hand)
Scrolls
 a - a scroll of identify
Potions
 d - 2 potions of might
 i - a potion of resistance
 l - a potion of haste
 p - a potion of mutation

Dungeon Overview and Level Annotations

Branches:
Dungeon (8/15)             Temple (1/1) D:7            Lair (1/5) D:8

Altars:
Ashenzari
Cheibriados
Dithmenos
Elyvilon
Gozag
Hepliaklqana
Kikubaaqudgha
Makhleb
Nemelex Xobeh
Okawaru
Qazlal
Sif Muna
Trog
Uskayaw
Vehumet
Wu Jian
Xom
Yredelemnul
Zin
The Shining One

Shops:
D:6 *


Message History

You hit the cane toad.
You claw the cane toad, but do no damage.
You peck the cane toad, but do no damage.
The cane toad is severely wounded.
You slash the cane toad!
You feel sick.
The cane toad stings you but does no damage.
You block the cane toad's attack.
You hit the cane toad but do no damage.
You claw the cane toad, but do no damage.
You peck the cane toad, but do no damage.
The cane toad is severely wounded.
You hit the cane toad but do no damage.
You feel sick. You block the cane toad's attack.
The cane toad stings you but does no damage.
You block the cane toad's attack.
You barely miss the cane toad. Your kick misses the cane toad.
The cane toad is severely wounded.
You hit the cane toad.
You feel sick. The cane toad stings you.
You are more poisoned.
The cane toad poisons you! You block the cane toad's attack.
You hit the cane toad. Your peck misses the cane toad.
The cane toad is severely wounded.
You hit the cane toad but do no damage.
You feel very sick.
The cane toad stings you but does no damage.
The cane toad stings you!
9711 ||| READING scroll of teleportation.
As you read the scroll of teleportation, it crumbles to dust.
You feel strangely unstable.
You feel very sick.
The cane toad stings you but does no damage. x2
You hit the cane toad. You claw the cane toad.
You peck the cane toad, but do no damage.
The cane toad is almost dead.
You barely miss the cane toad.
You feel very sick. You block the cane toad's attack. The cane toad stings you!
You die...

#+# #+#### ##..
#....# #P.#
########'##### #.##
#....>....#..# #..#
#....<....'.####@##
#........)#.....FF#
#.........###P#P...#
#.........#
####......#
P.........#
#.####..F
#.........# #.. #.
#.........# #...
###P##.#### ##.## .#


You could see 2 cane toads.

Vanquished Creatures
  A cane toad (Lair:1)
  5 yaks (D:8)
  A steam dragon (D:7)
  A water moccasin (D:8)
  Duvessa (D:6)
  An orc warrior (D:8)
  2 sky beasts
  An ice beast (D:6)
  An ogre (D:5)
  A centaur (D:7)
  A phantom (D:6)
  A gnoll sergeant (D:5)
  A bullfrog (D:6)
  3 scorpions
  3 necrophages
  7 wights
  Dowan (D:6)
  4 killer bees (D:7)
  4 howler monkeys
  3 hounds
  4 orc priests
  2 iguanas
  10 orc wizards
  A hound skeleton (D:5)
  Robin (D:2)
  4 gnolls (D:5)
  11 adders
  A shadow imp (D:6)
  2 white imps
  3 ufetubi
  2 dart slugs (D:1)
  28 orcs
  5 ball pythons
  5 endoplasms
  4 giant cockroaches
  19 goblins
  7 hobgoblins
  4 jackals (D:4)
  6 quokkas
  3 bats (D:2)
  5 frilled lizards
  3 kobolds
  6 rats
179 creatures vanquished.

Vanquished Creatures (others)
  A fungus (Lair:1)
  8 plants
9 creatures vanquished.

Grand Total: 188 creatures vanquished

Notes
Turn   | Place    | Note
-------+----------+-------------------------------------------
     0 | D:1      | qw the Tengu Warper began the quest for the Orb.
     0 | D:1      | Reached XP level 1. HP: 12/12 MP: 4/4
     0 | D:1      | 0 ||| qw: Version: 0.1-a-89-g26bdef1
     0 | D:1      | 0 ||| qw: Game counter: 1719
     0 | D:1      | 0 ||| qw: Always use a shield: true
     0 | D:1      | 0 ||| qw: God list: Okawaru
     0 | D:1      | 0 ||| qw: Allow faded altars: false
     0 | D:1      | 0 ||| qw: Do Orc after D:15 true
     0 | D:1      | 0 ||| qw: Do second Lair branch before Depths: true
     0 | D:1      | 0 ||| qw: Lair rune preference: random
     0 | D:1      | 0 ||| qw: Plans: Normal
     0 | D:1      | 0 ||| PLANNING D:1-11
   171 | D:1      | Reached XP level 2. HP: 17/17 MP: 6/6
   177 | D:1      | Reached skill level 3 in Axes
   245 | D:1      | 245 ||| Stepping ~*~*~tactically~*~*~ (stealth).
   253 | D:1      | 253 ||| Stepping ~*~*~tactically~*~*~ (stealth).
   355 | D:1      | Found a faded altar of an unknown god.
   667 | D:1      | 667 ||| Stepping ~*~*~tactically~*~*~ (hiding).
   672 | D:1      | Reached XP level 3. HP: 21/21 MP: 7/7
  1101 | D:1      | 1101 ||| UPGRADING to +0 cloak.
  1106 | D:1      | 1106 ||| DROPPING +6 ring of intelligence.
  1107 | D:1      | 1107 ||| READING 3 scrolls labelled FUATWI PONIDUA.
  1108 | D:1      | 1108 ||| DRINKING 3 sapphire potions.
  1109 | D:1      | 1109 ||| DRINKING 2 clear potions.
  1110 | D:1      | 1110 ||| READING 2 scrolls of identify.
  1110 | D:1      | 1110 ||| IDENTIFYING dark potion
  1111 | D:1      | 1111 ||| DROPPING scroll of blinking.
  1187 | D:2      | Noticed Robin
  1188 | D:2      | 1188 ||| Stepping ~*~*~tactically~*~*~ (hiding).
  1189 | D:2      | 1189 ||| Stepping ~*~*~tactically~*~*~ (stealth).
  1190 | D:2      | 1190 ||| Stepping ~*~*~tactically~*~*~ (stealth).
  1191 | D:2      | 1191 ||| Stepping ~*~*~tactically~*~*~ (stealth).
  1203 | D:2      | Killed Robin
  1204 | D:2      | Reached skill level 4 in Axes
  1239 | D:2      | 1239 ||| FLEEEEING.
  1240 | D:2      | 1240 ||| FLEEEEING.
  1246 | D:2      | 1246 ||| STAIRDANCE
  1423 | D:2      | 1423 ||| Stepping ~*~*~tactically~*~*~ (stealth).
  1435 | D:2      | Reached XP level 4. HP: 19/26 MP: 8/8
  1567 | D:2      | 1567 ||| Stepping ~*~*~tactically~*~*~ (stealth).
  1812 | D:2      | Reached skill level 5 in Axes
  1958 | D:2      | 1958 ||| Stepping ~*~*~tactically~*~*~ (hiding).
  2111 | D:2      | 2111 ||| SWAPPING to +0 war axe.
  2112 | D:2      | 2112 ||| DROPPING +0 hand axe.
  2268 | D:2      | 2268 ||| READING scroll labelled LUGYT OW ISCHA.
  2269 | D:2      | 2269 ||| READING scroll labelled CEQEGANK ZYMOIDGH.
  2273 | D:2      | 2273 ||| READING scroll labelled JUFUUS POLUOD.
  2274 | D:2      | 2274 ||| READING scroll labelled JUADUEZXUA.
  2275 | D:2      | 2275 ||| READING 2 scrolls of identify.
  2275 | D:2      | 2275 ||| IDENTIFYING grey potion
  2276 | D:2      | 2276 ||| DROPPING potion of attraction.
  2450 | D:3      | 2450 ||| READING scroll of enchant weapon.
  2450 | D:3      | 2450 ||| ENCHANTING +1 war axe.
  2531 | D:3      | 2531 ||| Stepping ~*~*~tactically~*~*~ (stealth).
  2538 | D:3      | 2538 ||| Stepping ~*~*~tactically~*~*~ (stealth).
  2539 | D:3      | 2539 ||| Stepping ~*~*~tactically~*~*~ (stealth).
  2566 | D:3      | 2566 ||| FLEEEEING.
  2567 | D:3      | 2567 ||| FLEEEEING.
  2728 | D:3      | 2728 ||| Stepping ~*~*~tactically~*~*~ (stealth).
  2729 | D:3      | 2729 ||| Stepping ~*~*~tactically~*~*~ (stealth).
  2730 | D:3      | 2730 ||| Stepping ~*~*~tactically~*~*~ (stealth).
  2734 | D:3      | Gained mutation: Your magical nature lets you fly swiftly
                  | and evasively. [Tengu growth]
  2734 | D:3      | Reached XP level 5. HP: 21/30 MP: 9/9
  2735 | D:3      | 2735 ||| FLEEEEING.
  2736 | D:3      | 2736 ||| FLEEEEING.
  2737 | D:3      | 2737 ||| FLEEEEING.
  2738 | D:3      | 2738 ||| FLEEEEING.
  2739 | D:3      | 2739 ||| FLEEEEING.
  2740 | D:3      | 2740 ||| FLEEEEING.
  2741 | D:3      | 2741 ||| FLEEEEING.
  2742 | D:3      | 2742 ||| FLEEEEING.
  2743 | D:3      | 2743 ||| FLEEEEING.
  2744 | D:3      | 2744 ||| FLEEEEING.
  2745 | D:3      | 2745 ||| FLEEEEING.
  2748 | D:3      | 2748 ||| FLEEEEING.
  2749 | D:3      | 2749 ||| FLEEEEING.
  2750 | D:3      | 2750 ||| FLEEEEING.
  2751 | D:3      | 2751 ||| FLEEEEING.
  2752 | D:3      | 2752 ||| FLEEEEING.
  2753 | D:3      | 2753 ||| FLEEEEING.
  2754 | D:3      | 2754 ||| FLEEEEING.
  2755 | D:3      | 2755 ||| STAIRDANCE
  2816 | D:2      | 2816 ||| UPGRADING to +0 ring mail.
  2826 | D:2      | 2826 ||| DROPPING +0 leather armour.
  2827 | D:2      | 2827 ||| UPGRADING to +0 chain mail.
  2837 | D:2      | 2837 ||| DROPPING +0 ring mail.
  2841 | D:3      | 2841 ||| STAIRDANCE
  2900 | D:3      | 2900 ||| DROPPING +0 whip.
  3191 | D:3      | 3191 ||| UPGRADING to +6 ring of dexterity.
  3192 | D:3      | 3192 ||| READING 2 scrolls of identify.
  3192 | D:3      | 3192 ||| IDENTIFYING white potion
  3248 | D:4      | Reached skill level 6 in Axes
  3248 | D:4      | Reached XP level 6. HP: 35/35 MP: 10/10
  3432 | D:4      | 3432 ||| FLEEEEING.
  3433 | D:4      | 3433 ||| STAIRDANCE
  3595 | D:4      | 3595 ||| STAIRDANCE
  3632 | D:4      | 3632 ||| DRINKING 3 potions of curing.
  3632 | D:4      | 3632 ||| (to cure confusion)
  3749 | D:4      | 3749 ||| Stepping ~*~*~tactically~*~*~ (stealth).
  3750 | D:4      | 3750 ||| Stepping ~*~*~tactically~*~*~ (stealth).
  3781 | D:4      | Reached skill level 7 in Axes
  3951 | D:4      | You are sucked into a shaft and drop 1 floor!
  3951 | D:5      | Entered Level 5 of the Dungeon
  3951 | D:5      | Found an ornate altar of the Wu Jian Council.
  3991 | D:5      | 3991 ||| Stepping ~*~*~tactically~*~*~ (stealth).
  3994 | D:5      | 3994 ||| Stepping ~*~*~tactically~*~*~ (stealth).
  3998 | D:5      | 3998 ||| Stepping ~*~*~tactically~*~*~ (stealth).
  4000 | D:5      | 4000 ||| Stepping ~*~*~tactically~*~*~ (stealth).
  4004 | D:5      | 4004 ||| DRINKING 2 potions of curing.
  4004 | D:5      | 4004 ||| (to cure confusion)
  4005 | D:5      | 4005 ||| DRINKING potion of curing.
  4005 | D:5      | 4005 ||| (to cure confusion)
  4028 | D:5      | 4028 ||| Stepping ~*~*~tactically~*~*~ (stealth).
  4029 | D:5      | 4029 ||| Stepping ~*~*~tactically~*~*~ (stealth).
  4082 | D:5      | 4082 ||| Stepping ~*~*~tactically~*~*~ (hiding).
  4090 | D:5      | Reached skill level 3 in Fighting
  4090 | D:5      | Reached XP level 7. HP: 41/41 MP: 11/11
  4101 | D:5      | 4101 ||| DROPPING +0 flail.
  4220 | D:5      | 4220 ||| UPGRADING to ring of positive energy.
  4221 | D:5      | 4221 ||| READING scroll labelled FIBLEGAKO.
  4443 | D:4      | 4443 ||| Stepping ~*~*~tactically~*~*~ (stealth).
  4532 | D:4      | 4532 ||| Stepping ~*~*~tactically~*~*~ (stealth).
  4564 | D:4      | Found a white marble altar of Elyvilon.
  4575 | D:4      | 4575 ||| FLEEEEING.
  4576 | D:4      | 4576 ||| FLEEEEING.
  4577 | D:4      | 4577 ||| FLEEEEING.
  4578 | D:4      | 4578 ||| FLEEEEING.
  4902 | D:4      | 4902 ||| UPGRADING to +0 crystal plate armour.
  4912 | D:4      | 4912 ||| DROPPING +0 chain mail.
  5001 | D:5      | Reached skill level 3 in Armour
  5251 | D:5      | Found a burning altar of Makhleb.
  5261 | D:5      | Reached XP level 8. HP: 40/46 MP: 12/12
  5341 | D:5      | 5341 ||| Stepping ~*~*~tactically~*~*~ (stealth).
  5389 | D:5      | HP: 8/46 [ogre/+0 giant club (26)]
  5390 | D:5      | 5390 ||| DRINKING 2 potions of heal wounds.
  5515 | D:5      | 5515 ||| Stepping ~*~*~tactically~*~*~ (hiding).
  5524 | D:5      | HP: 10/46 [gnoll/+0 halberd[a gnoll sergeant] (7)]
  5525 | D:5      | 5525 ||| DRINKING potion of heal wounds.
  5528 | D:5      | Reached skill level 8 in Axes
  5927 | D:5      | Found an opulent altar of Gozag.
  5962 | D:5      | 5962 ||| Stepping ~*~*~tactically~*~*~ (stealth).
  6044 | D:5      | 6044 ||| UPGRADING to +0 kite shield.
  6049 | D:5      | 6049 ||| DROPPING scarf of shadows.
  6050 | D:5      | 6050 ||| DRINKING 2 fuming clear potions.
  6155 | D:5      | 6155 ||| DROPPING potion of berserk rage.
  6230 | D:6      | Reached skill level 1 in Shields
  6257 | D:6      | 6257 ||| Stepping ~*~*~tactically~*~*~ (hiding).
  6267 | D:6      | 6267 ||| Stepping ~*~*~tactically~*~*~ (stealth).
  6318 | D:6      | 6318 ||| Stepping ~*~*~tactically~*~*~ (stealth).
  6321 | D:6      | 6321 ||| Stepping ~*~*~tactically~*~*~ (stealth).
  6329 | D:6      | Noticed Duvessa
  6330 | D:6      | 6330 ||| FLEEEEING.
  6332 | D:6      | Found a shadowy altar of Dithmenos.
  6332 | D:6      | Noticed Dowan
  6333 | D:6      | 6333 ||| Stepping ~*~*~tactically~*~*~ (hiding).
  6345 | D:6      | Killed Duvessa
  6346 | D:6      | Reached skill level 3 in Shields
  6356 | D:6      | Killed Dowan
  6571 | D:6      | 6571 ||| READING scroll of enchant weapon.
  6571 | D:6      | 6571 ||| ENCHANTING +2 war axe.
  6687 | D:6      | Found Eraischott's Assorted Antiques.
  6695 | D:6      | 6695 ||| BUYING scroll labelled KOWKARCHOEQE (24 gold).
  6695 | D:6      | Bought a scroll labelled KOWKARCHOEQE for 24 gold pieces
  6695 | D:6      | 6695 ||| BUYING scroll labelled QOGALL WUIXIM (24 gold).
  6695 | D:6      | Bought a scroll labelled QOGALL WUIXIM for 24 gold pieces
  6695 | D:6      | 6695 ||| BUYING scroll labelled VIYF DUILERAJ (24 gold).
  6695 | D:6      | Bought a scroll labelled VIYF DUILERAJ for 24 gold pieces
  6695 | D:6      | 6695 ||| BUYING scroll of identify (48 gold).
  6695 | D:6      | Bought a scroll of identify for 48 gold pieces
  6695 | D:6      | 6695 ||| BUYING scroll of teleportation (72 gold).
  6695 | D:6      | Bought a scroll of teleportation for 72 gold pieces
  6695 | D:6      | 6695 ||| SHOPLISTING scroll of teleportation (72 gold, have
                  | 43).
  6741 | D:6      | 6741 ||| Stepping ~*~*~tactically~*~*~ (stealth).
  7055 | D:6      | Reached XP level 9. HP: 51/51 MP: 13/13
  7154 | D:6      | 7154 ||| READING scroll labelled XILUBI QEDIUM.
  7155 | D:6      | 7155 ||| READING scroll labelled KOWKARCHOEQE.
  7156 | D:6      | 7156 ||| READING scroll labelled QOGALL WUIXIM.
  7257 | D:6      | 7257 ||| READING scroll labelled VIYF DUILERAJ.
  7258 | D:6      | 7258 ||| READING 3 scrolls of identify.
  7258 | D:6      | 7258 ||| IDENTIFYING cyan potion
  7259 | D:6      | 7259 ||| READING 2 scrolls of identify.
  7259 | D:6      | 7259 ||| IDENTIFYING black potion
  7260 | D:6      | 7260 ||| DROPPING potion of degeneration.
  7283 | D:7      | Reached skill level 9 in Axes
  7341 | D:7      | 7341 ||| FLEEEEING.
  7344 | D:7      | 7344 ||| STAIRDANCE
  7409 | D:7      | 7409 ||| Stepping ~*~*~tactically~*~*~ (stealth).
  7442 | D:7      | 7442 ||| READING scroll of enchant weapon.
  7442 | D:7      | 7442 ||| ENCHANTING +3 war axe.
  7452 | D:7      | Found a glowing silver altar of Zin.
  7460 | D:7      | 7460 ||| DRINKING potion of curing.
  7460 | D:7      | 7460 ||| (to cure confusion)
  7464 | D:7      | 7464 ||| Stepping ~*~*~tactically~*~*~ (stealth).
  7506 | D:7      | 7506 ||| Stepping ~*~*~tactically~*~*~ (stealth).
  7508 | D:7      | 7508 ||| Stepping ~*~*~tactically~*~*~ (stealth).
  7510 | D:7      | 7510 ||| Stepping ~*~*~tactically~*~*~ (hiding).
  7582 | D:7      | 7582 ||| Stepping ~*~*~tactically~*~*~ (stealth).
  7613 | D:7      | 7613 ||| Stepping ~*~*~tactically~*~*~ (stealth).
  7676 | D:7      | 7676 ||| Stepping ~*~*~tactically~*~*~ (hiding).
  7803 | D:7      | Reached skill level 6 in Armour
  7969 | D:7      | 7969 ||| READING scroll of enchant weapon.
  7969 | D:7      | 7969 ||| ENCHANTING +4 war axe.
  8014 | D:7      | 8014 ||| FLEEEEING.
  8016 | D:7      | 8016 ||| FLEEEEING.
  8147 | D:7      | 8147 ||| Stepping ~*~*~tactically~*~*~ (cloud).
  8149 | D:7      | Found a staircase to the Ecumenical Temple.
  8150 | D:7      | 8150 ||| PLANNING TEMPLE
  8154 | D:7      | HP: 13/52 [something (8)]
  8155 | D:7      | 8155 ||| READING scroll of teleportation.
  8156 | D:7      | 8156 ||| DRINKING potion of heal wounds.
  8281 | D:7      | 8281 ||| Stepping ~*~*~tactically~*~*~ (hiding).
  8288 | D:7      | 8288 ||| FLEEEEING.
  8292 | D:7      | 8292 ||| Stepping ~*~*~tactically~*~*~ (hiding).
  8464 | Temple   | Entered the Ecumenical Temple
  8486 | Temple   | Became a worshipper of Warmaster Okawaru
  8527 | Temple   | 8527 ||| PLANNING D:1-11
  8650 | D:8      | Reached skill level 6 in Shields
  8740 | D:8      | 8740 ||| Stepping ~*~*~tactically~*~*~ (stealth).
  8752 | D:8      | 8752 ||| Stepping ~*~*~tactically~*~*~ (stealth).
  8761 | D:8      | 8761 ||| Stepping ~*~*~tactically~*~*~ (stealth).
  8778 | D:8      | 8778 ||| Stepping ~*~*~tactically~*~*~ (stealth).
  8803 | D:8      | 8803 ||| Stepping ~*~*~tactically~*~*~ (stealth).
  8863 | D:8      | 8863 ||| DRINKING 2 lumpy black potions.
  8864 | D:8      | 8864 ||| READING 2 scrolls of identify.
  8864 | D:8      | 8864 ||| IDENTIFYING sedimented dark potion
  8875 | D:8      | Reached skill level 10 in Axes
  8961 | D:8      | 8961 ||| Stepping ~*~*~tactically~*~*~ (stealth).
  8963 | D:8      | 8963 ||| Stepping ~*~*~tactically~*~*~ (stealth).
  8978 | D:8      | Reached * piety under Okawaru
  8979 | D:8      | Reached XP level 10. HP: 22/59 MP: 14/14
  8979 | D:8      | 8979 ||| INVOKING Heroism.
  8981 | D:8      | Reached skill level 1 in Invocations
  8984 | D:8      | 8984 ||| FLEEEEING.
  8992 | D:8      | 8992 ||| STAIRDANCE
  9175 | D:7      | 9175 ||| DROPPING potion of invisibility.
  9186 | D:8      | Found a flagged portal.
  9190 | D:8      | 9190 ||| INVOKING Heroism.
  9361 | D:8      | Found a staircase to the Lair.
  9510 | D:8      | Found a glowing golden altar of the Shining One.
  9603 | D:8      | Found a stormy altar of Qazlal.
  9619 | D:8      | 9619 ||| PLANNING LAIR
  9619 | D:8      | 9619 ||| DROPPING ring of magical power.
  9620 | D:8      | 9620 ||| READING 2 scrolls of identify.
  9620 | D:8      | 9620 ||| IDENTIFYING puce potion
  9621 | D:8      | 9621 ||| DROPPING potion of brilliance.
  9666 | Lair:1   | Entered Level 1 of the Lair of Beasts
  9682 | Lair:1   | Noticed a cane toad
  9683 | Lair:1   | 9683 ||| INVOKING Heroism.
  9684 | Lair:1   | Noticed a cane toad
  9685 | Lair:1   | 9685 ||| Stepping ~*~*~tactically~*~*~ (stealth).
  9690 | Lair:1   | Killed a cane toad
  9695 | Lair:1   | Noticed a cane toad
  9696 | Lair:1   | 9696 ||| Stepping ~*~*~tactically~*~*~ (stealth).
  9701 | Lair:1   | 9701 ||| INVOKING Heroism.
  9710 | Lair:1   | HP: 9/59 [cane toad (12)]
  9711 | Lair:1   | 9711 ||| READING scroll of teleportation.
  9712 | Lair:1   | HP: 3/59 [poisoned by a cane toad]
  9712 | Lair:1   | Mangled by a cane toad

Levels and vault maps discovered:
D:1:      wheals_arrival_linesprint, layout_loops_ring,
          shapermc_ecumenical_altar_mp_vishouse,
          nicolae_concentric_dashed_squares_wild, minmay_misc_feat_plants,
          corexii_corridor_pit, chequers_arboretum, kennysheep_nondescript
D:2:      layout_rooms, uniq_robin
D:3:      layout_loops_ring
D:4:      layout_basic, nicolae_elyvilon_temple_path
D:5:      layout_basic, nicolae_gozag_seed_capital, lemuel_crystal_altar,
          makhleb_blood_cavern_becter
D:6:      layout_loops_ring, nicolae_dithmenos_shadow_blocks, serial_shops,
          nicolae_shop_overgrown_old_shop, uniq_duvessa
D:7:      layout_cave_pools, lemuel_tele_altar, minmay_temple_entry_grid
D:8:      layout_cave_pods, nicolae_qazlal_style_of_elements, tso_altar,
          lair_entry_dummy, enter_bailey_5, minmay_misc_feat_rows,
          minmay_misc_feat_square, nicolae_concentric_dashed_squares_mild,
          minmay_misc_feat_enclosed
Temple:   nicolae_temple_hex_pool
Lair:1:   layout_roguey, beast_lair_carwin_11, grunt_megastairs_1

Skill      XL: |  1  2  3  4  5  6  7  8  9 10 |
---------------+-------------------------------+-----
Axes           | 3 4 5 6 7 8 10 | 10.4
Armour         | 2 4 5 7 |  7.3
Fighting       | 3 5 |  5.1
Throwing       | 2 |  2.7
Shields        | 5 6 |  6.1
Invocations    | 2 |  2.6
Dodging        | |  2.1
Spellcasting   | |  2.0
Translocations | |  2.4

Action                   |  1- 3 |  4- 6 |  7- 9 | 10-12 || total
-------------------------+-------+-------+-------+-------++-------
Melee: Hand axe          |    54 |    19 |       |       ||    73
       Peck              |     9 |    14 |    41 |     9 ||    73
       Kick              |    10 |    23 |    72 |     9 ||   114
       War axe           |       |    79 |   222 |    23 ||   324
       Punch             |       |     1 |       |       ||     1
Throw: Boomerang         |    20 |    51 |     9 |     3 ||    83
       Javelin           |       |       |    51 |     1 ||    52
Invok: Heroism           |       |       |       |     4 ||     4
  Use: Scroll            |     2 |     7 |    12 |     2 ||    23
       Potion            |     2 |     3 |     6 |       ||    11
 Stab: Sleeping          |     1 |     1 |       |       ||     2
       Invisible         |       |       |     2 |       ||     2
Armor: Leather armour    |    10 |     9 |       |       ||    19
       Chain mail        |       |    28 |    18 |       ||    46
       Crystal plate arm |       |       |   149 |    13 ||   162
Dodge: Dodged            |    24 |    23 |    12 |     2 ||    61
Block: Kite shield       |       |       |    71 |    21 ||    92

Table legend:
 A = Non-vault XP
 B = Vault XP
 C = Vault XP percentage of total XP
 D = Non-vault monster count
 E = Vault monster count
 F = Vault count percentage of total count
                 A         B        C        D         E       F
            +---------+---------+-------+---------+---------+-------
      Total |    4993 |     789 |  13.6 |     159 |      20 |  11.2
            +---------+---------+-------+---------+---------+-------
        D:1 |      37 |       0 |   0.0 |      20 |       0 |   0.0
        D:2 |      57 |      36 |  38.7 |      15 |      11 |  42.3
        D:3 |      86 |       0 |   0.0 |      17 |       0 |   0.0
        D:4 |     467 |       0 |   0.0 |      30 |       0 |   0.0
        D:5 |     822 |     100 |  10.8 |      24 |       2 |   7.7
        D:6 |     607 |     222 |  26.8 |      14 |       2 |  12.5
        D:7 |    1023 |       0 |   0.0 |      22 |       0 |   0.0
        D:8 |    1894 |       6 |   0.3 |      17 |       4 |  19.0
     Lair:1 |       0 |     425 | 100.0 |       0 |       1 | 100.0
            +---------+---------+-------+---------+---------+-------
